 Dungeon Crawl Stone Soup version 0.30-a0-1160-g6e42c06551 (webtiles) character file.

Game seed: 12717857740340106653

1 BigDaddyOpFi the Charlatan (level 1, 0/9 HPs)
             Began as a Vine Stalker Artificer on Apr 25, 2023.
             Slain by a ball python (1 damage)
             ... on level 1 of the Dungeon.
             The game lasted 00:00:14 (64 turns).

BigDaddyOpFi the Charlatan (Vine Stalker Artificer)   Turns: 64, Time: 00:00:14

Health: 0/9        AC:  3    Str: 14    XL:     1   Next: 20%
Magic:  0/2        EV: 11    Int: 11    God:
Gold:   47         SH:  0    Dex: 14    Spells: 0/0 levels left

rFire   . . .        f - +1 falchion (heavy)
rCold   . . .        (no shield)
rNeg    . . .        b - +0 leather armour
rPois   .            (no helmet)
rElec   .            (no cloak)
rCorr   .            (no gloves)
SInv    .            (no boots)
Will    .....        (no amulet)
Stlth   ++           (no ring)
HPRegen 0.21/turn    (no ring)
MPRegen 0.08/turn

%: guardian spirit
@: no status effects
A: fangs 2, magic shield, antimagic bite, no potion heal 2
a: no special abilities


You were on level 1 of the Dungeon.
You visited 1 branch of the dungeon, and saw 1 of its levels.

You collected 47 gold pieces.

Inventory:

Hand Weapons
 f - a +1 heavy falchion (weapon)
Armour
 b - a +0 leather armour (worn)
Wands
 c - a wand of flame (15) (quivered)
 d - a wand of charming (15)
 e - a wand of iceblast (5)


   Skills:
 + Level 0.9 Fighting
 + Level 0.0 Long Blades
 + Level 1.5 Armour
 + Level 0.7 Dodging
 + Level 1.3 Stealth
 + Level 2.7 Evocations


You couldn't memorise any spells.
You didn't know any spells.
Your spell library was empty.

Dungeon Overview and Level Annotations

Branches:
Dungeon (1/15)

Altars:


Innate Abilities, Weirdness & Mutations

You have extremely sharp teeth.
When hurt, damage is shared between your health and your magic reserves.
Your bite disrupts and absorbs the magic of your enemies.
Potions cannot restore your health.


Message History

You closely miss the rat. The ball python closely misses you.
The ball python grabs you. The ball python constricts you.
The rat bites you but does no damage.
A rat comes into view.
The ball python bites you but does no damage.
The ball python constricts you. The rat bites you.
You closely miss the ball python. Your bite misses the ball python.
The ball python closely misses you. The ball python constricts you.
The rat bites you but does no damage.
A goblin comes into view. It is wielding a +0 club.
A rat comes into view.
The ball python bites you. The ball python constricts you.
A giant cockroach comes into view.
The rat bites you. The ball python closely misses you.
The ball python constricts you.
* * * LOW HITPOINT WARNING * * *
You are too injured to fight recklessly!
You are too injured to fight recklessly!
You are too injured to fight recklessly!
You are too injured to fight recklessly!
You are too injured to fight recklessly!
You are too injured to fight recklessly!
You are too injured to fight recklessly!
You are too injured to fight recklessly!
You are too injured to fight recklessly!
You are too injured to fight recklessly!
You are too injured to fight recklessly!
You escape the ball python's grasp.
The ball python attacks as you move away!
The ball python misses you.
The goblin shouts!
The rat attacks as you move away! The rat misses you.
The rat attacks as you move away! The rat barely misses you.
You completely miss the rat. The rat bites you.
* * * LOW HITPOINT WARNING * * *
The rat bites you but does no damage.
You barely miss the rat. You bite the rat.
You kill the rat!
The ball python bites you.
You die...

#........ ..... #..?g....
..... #.......##...##.
................
#.....:r........ #
#...........# .. #........#
#. ####g.......#
#.####@Sg.?.......
#......#r.........
#.....##..............
#......#..............
#........<...........
#......#....8.......###
####............♣....#....
...........................
####...#.###..........#..#


You could see a hobgoblin, a goblin, a ball python and a rat.

Vanquished Creatures
  An endoplasm (D:1)
  A rat (D:1)
2 creatures vanquished.

Notes
Turn   | Place    | Note
-------+----------+-------------------------------------------
     0 | D:1      | BigDaddyOpFi the Vine Stalker Artificer began the quest for
                  | the Orb.
     0 | D:1      | Reached XP level 1. HP: 9/9 MP: 2/2
    64 | D:1      | Slain by a ball python

Illustrated notes

Levels and vault maps discovered:
D:1:      wander_arrival_lonely_grave, layout_rooms

Action                     || total
---------------------------++-------
  Melee: Falchion          ||     4
         Club              ||     3
         Bite              ||     2
   Stab: Sleeping          ||     1
 Armour: Leather armour    ||     6
  Dodge: Dodged            ||     6

Table legend: (Time is in decaauts)
 A = Elapsed time spent in this place.
 B = Non-inter-level travel time spent in this place.
 C = Inter-level travel time spent in this place.
 D = Time resting spent in this place.
 E = Time spent auto-exploring this place.
 F = Levels seen in this place.
 G = Mean time per level.
                   A        B        C        D        E       F      G
               +--------+--------+--------+--------+--------+-----+--------+
         Total |     67 |     67 |      0 |      0 |     31 |   1 |   67.0 |
       Dungeon |     67 |     67 |      0 |      0 |     31 |   1 |   67.0 |
               +--------+--------+--------+--------+--------+-----+--------+

Top non-repeatable levels by time:
     D:1: 67 daAuts
